General information
- name: BNet
- type: Ladder team game (AT/RT)
- host: Battle.net
- saver: GeneralWaitNSee
map: TwilightRuins
- players: 8
- length: 50:09
- speed: Fast
- version: 1.26 W3XP
- replay type: Public
» download(292 KB)
Players
team 1 (loser)
Bitterseed (
pink | 59 APM | 2522 actions | 42:30)
7 Death Knight
3 Death Coil
3 Unholy Aura
1 Animate Dead
5 Lich
2 Frost Nova
3 Frost Armor
» actions
| Assign group hotkey | 31 | |
| Basic commands | 2 | |
| Build / train | 59 | |
| ESC pressed | 1 | |
| Enter build submenu | 16 | |
| Enter hero's abilities submenu | 12 | |
| Give item / drop item | 3 | |
| Right click | 1457 | |
| Select / deselect | 627 | |
| Select group hotkey | 229 | |
| Use ability | 83 | |
2522 total
» units
| Acolyte | 9 | |
| Ghoul | 3 | |
| Crypt Fiend | 10 | |
| Frost Wyrm | 5 | |
| Dryad | 6 | |
33 total
» upgrades
» buildings
| Crypt | 1 | |
| Graveyard | 2 | |
| Altar of Darkness | 1 | |
| Ziggurat | 8 | |
| Tomb of Relics | 1 | |
| Halls of the Dead | 1 | |
| Black Citadel | 1 | |
| Sacrificial Pit | 1 | |
| Spirit Tower | 2 | |
| Boneyard | 1 | |
19 total
» build order
00:09 Crypt
00:17 Graveyard
00:42 Altar of Darkness
01:00 Ziggurat
01:37 Tomb of Relics
02:10 Ziggurat
03:28 Halls of the Dead
04:05 Ziggurat
05:14 Ziggurat
05:53 Black Citadel
07:59 Sacrificial Pit
08:54 Spirit Tower
10:04 Spirit Tower
10:13 Boneyard
10:17 Ziggurat
10:19 Ziggurat
10:20 Ziggurat
13:19 Graveyard
18:52 Ziggurat
» items
| Rod of Necromancy | 1 | |
| Scroll of Town Portal | 2 | |
| Dust of Appearance | 1 | |
| Orb of Corruption | 1 | |
5 total
flyeaglesfly (
green | 47 APM | 1441 actions | 30:39)
6 Demon Hunter
3 Mana Burn
2 Evasion
1 Metamorphosis
4 Keeper of the Grove
3 Entangling Roots
1 Thorns Aura
» actions
| Assign group hotkey | 28 | |
| Basic commands | 1 | |
| Build / train | 79 | |
| Enter build submenu | 27 | |
| Enter hero's abilities submenu | 10 | |
| Give item / drop item | 1 | |
| Right click | 708 | |
| Select / deselect | 305 | |
| Select group hotkey | 198 | |
| Use ability | 84 | |
1441 total
» units
| Wisp | 22 | |
| Huntress | 8 | |
| Dryad | 6 | |
| Druid of the Claw | 11 | |
| Mountain Giant | 1 | |
48 total
» upgrades
| Druid of the Claw Training | 2 | |
| Abolish Magic | 1 | |
| Reinforced Hides | 3 | |
| Strength of the Wild | 3 | |
| Mark of the Claw | 1 | |
| Hardened Skin | 1 | |
11 total
» buildings
| Altar of Elders | 1 | |
| Moon Well | 10 | |
| Hunter's Hall | 1 | |
| Ancient of War | 2 | |
| Tree of Ages | 1 | |
| Ancient Protector | 6 | |
| Ancient of Lore | 4 | |
| Tree of Eternity | 1 | |
| Tree of Life | 1 | |
| Ancient of Wonders | 1 | |
28 total
» build order
00:15 Altar of Elders
00:22 Moon Well
01:51 Hunter's Hall
01:58 Ancient of War
02:06 Moon Well
02:20 Ancient of War
02:30 Moon Well
03:43 Tree of Ages
04:46 Ancient Protector
05:45 Moon Well
06:28 Ancient of Lore
07:01 Moon Well
07:18 Ancient of Lore
07:31 Ancient of Lore
08:01 Tree of Eternity
12:32 Tree of Life
12:41 Moon Well
13:51 Ancient Protector
13:54 Ancient Protector
16:26 Moon Well
16:43 Ancient of Wonders
18:11 Ancient Protector
18:14 Ancient Protector
18:36 Ancient of Lore
24:15 Moon Well
26:30 Moon Well
26:54 Ancient Protector
28:58 Moon Well
» items
| Scroll of Town Portal | 2 | |
| Dust of Appearance | 2 | |
| Potion of Lesser Invulnerability | 1 | |
5 total
HALO-FANBOY. (
yellow | 48 APM | 2383 actions | 50:07)
7 Blademaster
3 Wind Walk
3 Critical Strike
1 Bladestorm
» actions
| Assign group hotkey | 17 | |
| Basic commands | 232 | |
| Build / train | 64 | |
| Enter build submenu | 36 | |
| Enter hero's abilities submenu | 7 | |
| Give item / drop item | 2 | |
| Right click | 748 | |
| Select / deselect | 250 | |
| Select group hotkey | 878 | |
| Use ability | 149 | |
2383 total
» units
| Peon | 12 | |
| Goblin Shredder | 3 | |
| Wind Rider | 5 | |
| Goblin Sapper | 12 | |
32 total
» upgrades
| Ranged Weapons | 2 | |
| Reinforced Defenses | 1 | |
| Envenomed Spears | 1 | |
| Armor | 2 | |
| Ensnare | 1 | |
| Melee Weapons | 2 | |
9 total
» buildings
| Altar of Storms | 1 | |
| Orc Burrow | 11 | |
| Voodoo Lounge | 1 | |
| Stronghold | 2 | |
| War Mill | 1 | |
| Great Hall | 3 | |
| Beastiary | 6 | |
| Fortress | 2 | |
| Watch Tower | 34 | |
61 total
» build order
00:08 Altar of Storms
00:23 Orc Burrow
01:22 Voodoo Lounge
02:12 Stronghold
02:23 War Mill
02:30 Orc Burrow
03:07 Orc Burrow
03:46 Great Hall
04:15 Orc Burrow
05:26 Beastiary
05:33 Fortress
06:04 Beastiary
07:00 Watch Tower
07:00 Watch Tower
07:01 Watch Tower
08:00 Watch Tower
08:00 Watch Tower
08:01 Watch Tower
08:15 Watch Tower
08:16 Watch Tower
08:17 Watch Tower
08:18 Watch Tower
08:19 Watch Tower
09:01 Beastiary
10:24 Watch Tower
10:24 Watch Tower
10:26 Watch Tower
10:27 Watch Tower
11:05 Orc Burrow
11:59 Orc Burrow
12:55 Watch Tower
13:38 Great Hall
13:40 Watch Tower
13:41 Watch Tower
13:55 Watch Tower
13:56 Watch Tower
14:22 Watch Tower
14:22 Watch Tower
14:37 Beastiary
14:57 Watch Tower
15:55 Orc Burrow
16:39 Watch Tower
17:19 Beastiary
17:22 Stronghold
17:53 Watch Tower
17:53 Watch Tower
17:54 Watch Tower
18:50 Watch Tower
18:50 Watch Tower
19:51 Fortress
21:23 Orc Burrow
21:24 Orc Burrow
21:55 Beastiary
22:02 Orc Burrow
22:03 Orc Burrow
23:07 Watch Tower
23:07 Watch Tower
23:08 Watch Tower
23:08 Watch Tower
23:09 Watch Tower
23:35 Great Hall
» items
| Healing Salve | 2 | |
| Lesser Clarity Potion | 2 | |
| Staff of Teleportation | 2 | |
| Boots of Speed | 1 | |
| Orb of Lightning | 1 | |
8 total
iamnoobkillme (
purple | 74 APM | 3723 actions | 50:07)
5 Archmage
3 Blizzard
2 Brilliance Aura
2 Paladin
1 Holy Light
1 Divine Shield
2 Mountain King
1 Storm Bolt
1 Bash
» actions
| Assign group hotkey | 18 | |
| Basic commands | 18 | |
| Build / train | 105 | |
| Enter build submenu | 38 | |
| Enter hero's abilities submenu | 9 | |
| Give item / drop item | 4 | |
| Right click | 1855 | |
| Select / deselect | 480 | |
| Select group hotkey | 1037 | |
| Use ability | 159 | |
3723 total
» units
| Peasant | 19 | |
| Footman | 5 | |
| Goblin Shredder | 1 | |
| Goblin Zeppelin | 1 | |
| Siege Engine | 7 | |
| Goblin Sapper | 2 | |
35 total
» upgrades
| Defend | 1 | |
| Masonry | 3 | |
| Gunpowder | 3 | |
| Plating | 3 | |
| Barrage | 1 | |
| Flak Cannons | 1 | |
| Fragmentation Shards | 1 | |
| Flare | 1 | |
| Animal War Training | 1 | |
| Lumber Harvesting | 1 | |
| Long Rifles | 1 | |
17 total
» buildings
| Altar of Kings | 1 | |
| Farm | 17 | |
| Barracks | 2 | |
| Lumber Mill | 2 | |
| Scout Tower | 20 | |
| Arcane Tower | 6 | |
| Arcane Vault | 1 | |
| Guard Tower | 7 | |
| Keep | 1 | |
| Blacksmith | 1 | |
| Castle | 1 | |
| Workshop | 3 | |
| Town Hall | 1 | |
| Cannon Tower | 3 | |
66 total
» build order
00:08 Altar of Kings
00:19 Farm
00:29 Barracks
01:02 Farm
01:17 Lumber Mill
02:04 Scout Tower
02:16 Scout Tower
02:38 Farm
02:52 Arcane Tower
02:58 Scout Tower
03:14 Arcane Vault
03:24 Farm
03:48 Guard Tower
03:52 Scout Tower
04:11 Keep
04:20 Farm
05:20 Blacksmith
05:42 Guard Tower
05:53 Lumber Mill
06:43 Castle
06:48 Workshop
07:07 Town Hall
08:24 Workshop
08:29 Farm
09:05 Scout Tower
09:07 Scout Tower
09:16 Farm
09:18 Farm
09:31 Workshop
10:38 Guard Tower
10:42 Scout Tower
10:43 Scout Tower
10:44 Scout Tower
10:52 Farm
10:52 Farm
10:53 Farm
10:54 Farm
19:40 Scout Tower
19:42 Scout Tower
19:43 Scout Tower
19:45 Scout Tower
19:46 Scout Tower
19:48 Scout Tower
20:11 Arcane Tower
20:19 Guard Tower
20:25 Cannon Tower
20:28 Cannon Tower
20:50 Cannon Tower
23:44 Arcane Tower
23:45 Arcane Tower
23:46 Guard Tower
24:22 Scout Tower
24:27 Scout Tower
24:50 Guard Tower
24:56 Arcane Tower
25:00 Scout Tower
25:38 Arcane Tower
25:40 Scout Tower
27:01 Farm
27:02 Farm
27:03 Farm
27:45 Farm
27:47 Guard Tower
27:51 Barracks
30:44 Scout Tower
31:13 Farm
» items
| Scroll of Regeneration | 2 | |
| Scroll of Healing | 1 | |
| Potion of Lesser Invulnerability | 2 | |
| Scroll of Town Portal | 5 | |
| Potion of Healing | 4 | |
| Potion of Mana | 1 | |
| Rod of Necromancy | 1 | |
| Staff of Teleportation | 2 | |
| Boots of Speed | 2 | |
| Staff of Sanctuary | 2 | |
| Staff of Preservation | 1 | |
23 total
team 2 (winner)
13loodHorde (
red | 44 APM | 1084 actions | 24:36)
4 Archmage
2 Summon Water Elemental
1 Brilliance Aura
1 Blizzard
1 Goblin Alchemist
1 Healing Spray
» actions
| Assign group hotkey | 8 | |
| Basic commands | 115 | |
| Build / train | 77 | |
| Enter build submenu | 23 | |
| Enter hero's abilities submenu | 5 | |
| Give item / drop item | 1 | |
| Remove unit from queue | 2 | |
| Right click | 402 | |
| Select / deselect | 389 | |
| Select group hotkey | 3 | |
| Use ability | 59 | |
1084 total
» units
| Peasant | 30 | |
| Footman | 4 | |
| Rifleman | 8 | |
| Mortar Team | 1 | |
| Siege Engine | 13 | |
56 total
» upgrades
| Masonry | 1 | |
| Gunpowder | 1 | |
| Armor | 1 | |
| Barrage | 1 | |
4 total
» buildings
| Altar of Kings | 1 | |
| Farm | 7 | |
| Barracks | 1 | |
| Arcane Vault | 1 | |
| Lumber Mill | 1 | |
| Blacksmith | 1 | |
| Keep | 1 | |
| Workshop | 2 | |
| Castle | 1 | |
| Scout Tower | 4 | |
| Guard Tower | 3 | |
23 total
» build order
00:08 Altar of Kings
00:30 Farm
00:47 Barracks
01:24 Arcane Vault
01:45 Farm
02:05 Lumber Mill
02:36 Farm
02:52 Blacksmith
03:19 Farm
04:28 Keep
04:51 Farm
05:46 Farm
06:54 Workshop
06:56 Workshop
08:10 Castle
08:14 Farm
18:48 Scout Tower
20:05 Guard Tower
21:44 Scout Tower
22:18 Guard Tower
22:50 Scout Tower
23:40 Scout Tower
23:43 Guard Tower
» items
| Staff of Teleportation | 1 | |
| Boots of Speed | 1 | |
| Scroll of Regeneration | 1 | |
3 total

»
d3athbysnusnu (
orange | 40 APM | 1086 actions | 27:19)
5 Blademaster
3 Wind Walk
1 Mirror Image
1 Critical Strike
2 Shadow Hunter
1 Healing Wave
1 Hex
» actions
| Assign group hotkey | 21 | |
| Basic commands | 6 | |
| Build / train | 54 | |
| ESC pressed | 7 | |
| Enter build submenu | 24 | |
| Enter hero's abilities submenu | 7 | |
| Right click | 429 | |
| Select / deselect | 273 | |
| Select group hotkey | 157 | |
| Use ability | 108 | |
1086 total
» units
| Peon | 17 | |
| Grunt | 7 | |
| Goblin Shredder | 2 | |
| Makrura Deepseer | 1 | |
| Giant Sea Turtle | 1 | |
| Tauren | 3 | |
31 total
» upgrades
» buildings
| Altar of Storms | 1 | |
| Orc Burrow | 6 | |
| Barracks | 1 | |
| Voodoo Lounge | 1 | |
| War Mill | 1 | |
| Great Hall | 2 | |
| Stronghold | 1 | |
| Watch Tower | 7 | |
| Fortress | 1 | |
| Tauren Totem | 1 | |
22 total
» build order
00:11 Altar of Storms
00:13 Orc Burrow
01:10 Orc Burrow
01:17 Barracks
02:00 Voodoo Lounge
02:09 Orc Burrow
04:02 War Mill
04:29 Great Hall
05:00 Stronghold
06:25 Watch Tower
06:53 Orc Burrow
07:49 Watch Tower
07:51 Watch Tower
08:33 Watch Tower
10:50 Fortress
14:43 Great Hall
14:59 Tauren Totem
17:53 Orc Burrow
18:04 Orc Burrow
19:30 Watch Tower
20:31 Watch Tower
20:37 Watch Tower
» items
| Healing Salve | 3 | |
| Scroll of Speed | 3 | |
| Circlet of Nobility | 1 | |
| Potion of Healing | 1 | |
| Scroll of Town Portal | 1 | |
| Orb of Lightning | 1 | |
10 total
GeneralWaitNSee (
teal | 78 APM | 3904 actions | 50:09)
8 Archmage
2 Summon Water Elemental
3 Brilliance Aura
2 Blizzard
1 Mass Teleport
5 Blood Mage
3 Flame Strike
2 Banish
» actions
| Assign group hotkey | 63 | |
| Basic commands | 41 | |
| Build / train | 258 | |
| ESC pressed | 16 | |
| Enter build submenu | 92 | |
| Enter hero's abilities submenu | 13 | |
| Give item / drop item | 12 | |
| Remove unit from queue | 8 | |
| Right click | 1439 | |
| Select / deselect | 755 | |
| Select group hotkey | 751 | |
| Use ability | 456 | |
3904 total
» units
| Peasant | 23 | |
| Footman | 4 | |
| Goblin Shredder | 1 | |
| Sorceress | 1 | |
| Gryphon Rider | 7 | |
| Dragonhawk Rider | 2 | |
| Mortar Team | 1 | |
| Siege Engine | 2 | |
41 total
» upgrades
| Swords | 3 | |
| Armor | 3 | |
| Masonry | 4 | |
| Plating | 3 | |
| Lumber Harvesting | 2 | |
| Sorceress Training | 2 | |
| Magic Sentry | 2 | |
| Animal War Training | 1 | |
| Gunpowder | 3 | |
| Storm Hammers | 1 | |
| Cloud | 1 | |
| Fragmentation Shards | 1 | |
| Flare | 1 | |
| Barrage | 1 | |
| Flak Cannons | 1 | |
| Flying Machine Bombs | 1 | |
| Backpack | 1 | |
| Priest Training | 2 | |
| Control Magic | 1 | |
34 total
» buildings
| Altar of Kings | 1 | |
| Barracks | 1 | |
| Farm | 7 | |
| Arcane Vault | 1 | |
| Blacksmith | 1 | |
| Scout Tower | 63 | |
| Town Hall | 6 | |
| Arcane Tower | 7 | |
| Keep | 8 | |
| Lumber Mill | 2 | |
| Guard Tower | 70 | |
| Castle | 4 | |
| Arcane Sanctum | 1 | |
| Gryphon Aviary | 4 | |
| Workshop | 3 | |
179 total
» build order
00:37 Altar of Kings
00:40 Barracks
00:50 Farm
01:05 Farm
01:32 Farm
02:11 Arcane Vault
02:17 Blacksmith
03:45 Scout Tower
04:00 Town Hall
04:07 Town Hall
04:33 Farm
04:35 Arcane Tower
04:45 Scout Tower
04:47 Scout Tower
05:31 Arcane Tower
05:31 Arcane Tower
06:14 Keep
06:14 Keep
06:14 Keep
06:17 Scout Tower
06:22 Scout Tower
06:23 Scout Tower
06:28 Scout Tower
06:30 Scout Tower
06:51 Lumber Mill
07:32 Guard Tower
07:33 Guard Tower
07:33 Guard Tower
07:46 Scout Tower
07:49 Scout Tower
08:14 Scout Tower
08:15 Scout Tower
08:17 Scout Tower
08:21 Guard Tower
08:56 Scout Tower
08:57 Scout Tower
09:00 Guard Tower
09:00 Guard Tower
09:00 Guard Tower
09:01 Castle
09:02 Castle
09:02 Castle
09:06 Arcane Sanctum
09:23 Guard Tower
09:23 Guard Tower
09:23 Guard Tower
09:28 Scout Tower
09:29 Scout Tower
10:02 Guard Tower
10:02 Guard Tower
10:02 Guard Tower
11:11 Gryphon Aviary
11:14 Gryphon Aviary
14:58 Scout Tower
15:03 Scout Tower
15:06 Scout Tower
15:40 Guard Tower
15:40 Guard Tower
15:40 Guard Tower
16:09 Gryphon Aviary
16:11 Gryphon Aviary
16:24 Farm
20:49 Scout Tower
20:50 Scout Tower
20:52 Scout Tower
20:53 Scout Tower
20:54 Scout Tower
20:59 Workshop
21:15 Workshop
21:18 Workshop
21:20 Guard Tower
21:20 Guard Tower
21:22 Guard Tower
21:22 Guard Tower
21:36 Guard Tower
21:37 Guard Tower
24:44 Scout Tower
24:45 Scout Tower
24:47 Scout Tower
24:50 Scout Tower
25:26 Town Hall
25:29 Scout Tower
25:30 Scout Tower
25:31 Scout Tower
25:31 Scout Tower
25:33 Guard Tower
25:33 Guard Tower
26:04 Guard Tower
26:04 Guard Tower
26:04 Guard Tower
26:06 Scout Tower
26:06 Scout Tower
26:07 Scout Tower
26:08 Scout Tower
26:19 Scout Tower
26:28 Farm
26:32 Farm
26:41 Guard Tower
26:41 Guard Tower
26:45 Scout Tower
26:46 Scout Tower
26:47 Scout Tower
26:49 Scout Tower
27:05 Guard Tower
27:06 Guard Tower
27:25 Guard Tower
27:25 Guard Tower
27:25 Guard Tower
27:54 Keep
27:54 Keep
36:25 Town Hall
36:35 Scout Tower
36:36 Scout Tower
36:40 Town Hall
36:48 Lumber Mill
36:58 Scout Tower
36:59 Scout Tower
37:00 Scout Tower
37:01 Scout Tower
37:02 Scout Tower
37:03 Scout Tower
37:05 Scout Tower
37:06 Scout Tower
37:06 Scout Tower
37:57 Guard Tower
37:57 Guard Tower
37:57 Guard Tower
38:24 Guard Tower
38:25 Guard Tower
38:25 Guard Tower
38:26 Guard Tower
38:26 Guard Tower
38:42 Town Hall
38:54 Guard Tower
38:54 Guard Tower
39:06 Scout Tower
39:08 Scout Tower
39:09 Scout Tower
39:10 Scout Tower
39:12 Scout Tower
39:13 Scout Tower
39:14 Scout Tower
39:25 Scout Tower
39:30 Scout Tower
40:43 Guard Tower
40:43 Guard Tower
40:47 Scout Tower
41:16 Guard Tower
41:16 Guard Tower
41:17 Guard Tower
41:17 Arcane Tower
41:17 Arcane Tower
41:18 Arcane Tower
» items
| Scroll of Regeneration | 8 | |
| Mechanical Critter | 2 | |
| Staff of Teleportation | 2 | |
| Periapt of Vitality | 2 | |
| Boots of Speed | 2 | |
| Mantle of Intelligence +3 | 1 | |
| Potion of Invisibility | 1 | |
| Circlet of Nobility | 1 | |
| Tome of Retraining | 1 | |
| Potion of Lesser Invulnerability | 1 | |
| Lesser Clarity Potion | 5 | |
| Mana Stone | 1 | |
| Scroll of Town Portal | 2 | |
| Pendant of Energy | 2 | |
| Staff of Sanctuary | 1 | |
32 total
homelessbob (
blue | 48 APM | 1188 actions | 24:31)
3 Crypt Lord
2 Carrion Beetles
1 Impale
2 Lich
1 Frost Nova
1 Frost Armor
» actions
| Assign group hotkey | 74 | |
| Basic commands | 46 | |
| Build / train | 75 | |
| ESC pressed | 4 | |
| Enter build submenu | 27 | |
| Enter hero's abilities submenu | 5 | |
| Remove unit from queue | 2 | |
| Right click | 381 | |
| Select / deselect | 268 | |
| Select group hotkey | 246 | |
| Use ability | 60 | |
1188 total
» units
| Acolyte | 8 | |
| Ghoul | 10 | |
| Crypt Fiend | 11 | |
| Necromancer | 11 | |
| Meatwagon | 1 | |
| Abomination | 2 | |
43 total
» upgrades
| Creature Attack | 3 | |
| Exhume Corpses | 1 | |
| Skeletal Longevity | 1 | |
| Necromancer Training | 1 | |
| Web | 1 | |
| Unholy Strength | 1 | |
| Creature Carapace | 2 | |
| Unholy Armor | 1 | |
| Skeletal Mastery | 1 | |
12 total
» buildings
| Crypt | 1 | |
| Ziggurat | 12 | |
| Altar of Darkness | 1 | |
| Nerubian Tower | 5 | |
| Halls of the Dead | 1 | |
| Graveyard | 1 | |
| Tomb of Relics | 1 | |
| Slaughterhouse | 1 | |
| Temple of the Damned | 2 | |
| Spirit Tower | 2 | |
| Black Citadel | 1 | |
| Necropolis | 1 | |
29 total
» build order
00:11 Crypt
00:13 Ziggurat
00:39 Altar of Darkness
01:08 Ziggurat
01:17 Nerubian Tower
02:02 Nerubian Tower
02:44 Halls of the Dead
03:07 Graveyard
03:20 Ziggurat
03:28 Ziggurat
04:59 Tomb of Relics
06:14 Slaughterhouse
06:42 Temple of the Damned
06:47 Temple of the Damned
09:35 Ziggurat
13:32 Ziggurat
13:34 Ziggurat
13:38 Ziggurat
13:40 Ziggurat
13:43 Ziggurat
14:41 Nerubian Tower
14:54 Nerubian Tower
14:55 Nerubian Tower
16:22 Spirit Tower
16:25 Spirit Tower
17:09 Black Citadel
22:24 Necropolis
22:31 Ziggurat
22:34 Ziggurat
Chat log
(00:18 / All) HALO-FANBOY.: best halo game ever? halo 3 for me
(00:43 / All) HALO-FANBOY.: halo 2 for pc is dead as hell
(01:06 / All) HALO-FANBOY.: best splitscren game ever- mario kart
(01:47 / Allies) d3athbysnusnu: il do melee
(01:55 / Allies) 13loodHorde: rifel mort tanks
(04:15 / All) GeneralWaitNSee: level 1 dh harass
(04:16 / All) GeneralWaitNSee: amazing
(04:24 / All) HALO-FANBOY.: leave hime alone jerk
(08:40 / Allies) 13loodHorde: goold?
(14:38 / Allies) 13loodHorde: check
(15:50 / Allies) 13loodHorde: what a retard
(15:52 / Allies) 13loodHorde: you suck
(15:55 / Allies) GeneralWaitNSee: lawl
(16:38 / Allies) GeneralWaitNSee: gonna kill pink with 2 heroes
(16:45 / Allies) GeneralWaitNSee: I'd like to see you try that red
(17:24 / All) GeneralWaitNSee: how the fuck did that die when it was invisible
(17:30 / All) Bitterseed: shade?
(17:32 / All) Bitterseed: sees invis?
(17:39 / All) GeneralWaitNSee: you don't have a shade
(17:42 / All) Bitterseed: smarty
(19:16 / All) HALO-FANBOY.: omg mirror image
(19:58 / All) GeneralWaitNSee: you lost your mine
(19:59 / All) GeneralWaitNSee: to 2 heroes
(20:10 / All) Bitterseed: obv lol
(20:49 / Allies) 13loodHorde: go
(22:59 / All) GeneralWaitNSee: you are good with tanks
(24:53 / All) Bitterseed: you lost the game.. because of 2 heroes?
(24:58 / All) GeneralWaitNSee: no?
(25:00 / All) GeneralWaitNSee: I won the game
(27:00 / All) HALO-FANBOY.: we got this u guys suck ass
(30:39 / All) HALO-FANBOY.: green is tk
(30:51 / All) HALO-FANBOY.: green tk
(30:55 / All) HALO-FANBOY.: i didnt do anything
(31:02 / All) GeneralWaitNSee: tkers are fucking scum
(31:04 / All) GeneralWaitNSee: kill him
(32:33 / All) HALO-FANBOY.: die bitterseed
(33:33 / All) HALO-FANBOY.: i m ruthless
(34:45 / All) GeneralWaitNSee: I could for sure have 1v4ed this if I felt like trying more
(34:53 / All) GeneralWaitNSee: can
(34:58 / All) GeneralWaitNSee: can't believe how lucky I got on purp's tanks
(35:02 / All) GeneralWaitNSee: I wasn't even going for them
(35:12 / All) HALO-FANBOY.: pink just said this is the dumbest thing hes ever seen
(35:35 / All) Bitterseed: hey as long as you guys enjoy trolling a 2003 video game
(35:59 / All) GeneralWaitNSee: if you know any better ones to troll
(36:02 / All) GeneralWaitNSee: we will take suggestions
(36:15 / All) Bitterseed: literally any modern game
(36:27 / All) HALO-FANBOY.: like?
(36:30 / All) HALO-FANBOY.: left for dead?
(36:30 / All) GeneralWaitNSee: there is no rts better than wc3
(36:37 / All) Bitterseed: but its irrelavant anyways since youre already here doing it
(37:11 / All) HALO-FANBOY.: nothing personal pink
(37:13 / All) HALO-FANBOY.: just business
(37:27 / All) GeneralWaitNSee: Speaking of business
(37:29 / All) Bitterseed: thats the thing, is how is it buisness? its simply trolling for enjoymenty
(37:33 / All) GeneralWaitNSee: If you paypal me $5 then you can get the win
(37:34 / All) Bitterseed: and getting us to rage at you
(37:36 / All) Bitterseed: OMFG
(37:43 / All) Bitterseed: WTF YELLOW
(37:44 / All) GeneralWaitNSee: I've made money doing this
(37:46 / All) GeneralWaitNSee: Not even kidding
(37:49 / All) GeneralWaitNSee: It's business, buddy
(37:51 / All) Bitterseed: lol thats patheric.
(38:02 / All) HALO-FANBOY.: he has gotten pple to pya him on paypal before
(38:06 / All) GeneralWaitNSee: I can't believe they pay me for wins in a 13 year old game either
(38:09 / All) Bitterseed: which is retarded
(38:14 / All) HALO-FANBOY.: ive gotten pple to give me hundreds of dollar amazon credit for world of warcraft gold
(38:37 / All) Bitterseed: if me and purple just leave wouldnt that just ruin the enjoyment and end this nonsense
(38:45 / All) GeneralWaitNSee: yes you can go now
(38:49 / All) HALO-FANBOY.: lol
(38:54 / All) HALO-FANBOY.: pink is smarter than the average bear
(38:59 / All) HALO-FANBOY.: they usually never figure that out
(39:16 / All) Bitterseed: lol. im sure no ones ever figured out to leave
(39:19 / All) HALO-FANBOY.: purple's archmage is quite arrogant tho
(39:24 / All) Bitterseed: wouldnt i be dumber for staying so long?
(39:37 / All) GeneralWaitNSee: Only if you do it for a loss
(39:41 / All) GeneralWaitNSee: Stay and paypal me $5
(39:44 / All) GeneralWaitNSee: You can stay for a win ;)
(40:04 / All) Bitterseed: the odds of me paypaling you anything is in the negatives
(40:37 / All) GeneralWaitNSee: bad idea attacking my expansion
(40:59 / All) HALO-FANBOY.: purple finally talked
(41:03 / All) HALO-FANBOY.: it was half english
(41:26 / All) HALO-FANBOY.: lalw
(41:40 / All) HALO-FANBOY.: purple did u listen to teal? u can get the win if u pay him on paypal
(41:53 / All) GeneralWaitNSee: For only $5
(41:55 / All) GeneralWaitNSee: That's a bargain
(42:05 / All) GeneralWaitNSee: For $5 you can shamelessly leave with a win, rather than suffer the shame of a loss
(42:07 / All) GeneralWaitNSee: great deal
(42:15 / All) Bitterseed: it was enjoyable to be trolled so amaturely.
(42:17 / All) HALO-FANBOY.: purp said i should suck his dick
(42:20 / All) Bitterseed: but later gurlz
(42:28 / All) HALO-FANBOY.: good bye pink
(42:30 / All) GeneralWaitNSee: You can pay $5 and leave victorious
(42:36 / All) GeneralWaitNSee: Purple
(42:42 / All) GeneralWaitNSee: Are you prepared to pay $5 for this fine WC3 win?
(43:03 / All) GeneralWaitNSee: It's a steal, it's real, it's a hot deal, going fast
(43:41 / All) GeneralWaitNSee: you there purple?
(45:40 / All) HALO-FANBOY.: nice got an answer for my dragon age topic
(45:55 / All) HALO-FANBOY.: lawl
(46:02 / All) HALO-FANBOY.: purp said he enjoys watching me die, "bitch"
(46:05 / All) GeneralWaitNSee: lol
(46:16 / All) GeneralWaitNSee: I wonder if they think that isn't part of the plan
(46:20 / All) GeneralWaitNSee: that seals their fate, they are retarded
(46:33 / All) GeneralWaitNSee: Purple, for only $5 you can leave victorious rather than a loser
(46:34 / All) HALO-FANBOY.: if he go tmass tp it could have been a problem althoug ive never seen that in one of our games, mass tp really hurting us
(46:37 / All) GeneralWaitNSee: You don't want to be a loser do you?
(46:46 / All) GeneralWaitNSee: I think we'd be fine actually
(46:50 / All) GeneralWaitNSee: flame strike/blizzard wrecks tanks
(47:11 / All) HALO-FANBOY.: i was raping reds peasants thi game
(47:20 / All) iamnoobkillme: i kicked asses, and dont care about loss or wasting time
(47:22 / All) GeneralWaitNSee: red said I sucked when he saw me off creeping
(47:27 / All) GeneralWaitNSee: but I was the MVP
(47:36 / All) GeneralWaitNSee: whose ass did you kick this game purple lol
(49:09 / All) HALO-FANBOY.: well he tore up ojs base
(49:22 / All) iamnoobkillme: i can chose leave or stay the option is mine
(49:33 / All) GeneralWaitNSee: guess killing orange is an accomplishment for a player on his level
(49:45 / All) GeneralWaitNSee: You can't choose to win or lose
(49:50 / All) GeneralWaitNSee: well, actually, yes you can!
(49:51 / All) HALO-FANBOY.: ill give purp control see wut he does
(49:56 / All) GeneralWaitNSee: Win for $5, by PayPal
(50:01 / All) GeneralWaitNSee: Right now, instant delivery
(50:07 / All) GeneralWaitNSee: Lose for free, if you're too cheap to cough it up